 Dungeon Crawl Stone Soup version 0.28.0 (webtiles) character file.

Game seed: 16045702548122441798

26 HallandMoats the Chopper (level 2, -1/27 HPs)
             Began as a Minotaur Monk on Feb 6, 2022.
             Slain by an adder (2 damage)
             ... on level 2 of the Dungeon.
             The game lasted 00:01:15 (1409 turns).

HallandMoats the Chopper (Minotaur Monk)            Turns: 1409, Time: 00:01:16

Health: -1/27      AC:  2    Str: 15    XL:     2   Next: 89%
Magic:  1/1        EV: 10    Int:  7    God:
Gold:   24         SH:  0    Dex: 12    Spells: 1/1 levels left

rFire   . . .      SeeInvis .   a - +0 hand axe
rCold   . . .      Faith    .   (no shield)
rNeg    . . .      Spirit   .   f - +0 robe
rPois   .          Reflect  .   (helmet restricted)
rElec   .          Harm     .   (no cloak)
rCorr   .          Rampage  .   (no gloves)
Will    .....                   (no boots)
Stlth   ++........              (no amulet)
HPRegen 0.09/turn               (no ring)
MPRegen 0.07/turn               (no ring)

@: lethally poisoned (-1 -> -5), constricted
A: horns 2, retaliatory headbutt
a: no special abilities


You were on level 2 of the Dungeon.
You visited 1 branch of the dungeon, and saw 2 of its levels.

You collected 24 gold pieces.

Inventory:

Hand Weapons
 a - a +0 hand axe (weapon)
 b - a +1 dagger of venom
Armour
 f - a +0 robe (worn)
Scrolls
 e - a scroll of identify {unknown}
Potions
 c - 2 potions of might {unknown}
 d - a potion of brilliance {unknown}
 g - a potion of degeneration {unknown}


   Skills:
 + Level 3.9 Fighting
 + Level 4.0 Axes
 + Level 1.1 Armour
 + Level 3.5 Dodging
 - Level 1.5 Stealth
 + Level 1.1 Shields


You had one spell level left.
You didn't know any spells.
Your spell library contained the following spells:

 Spells                   Type           Power      Damage    Failure   Level
 Iskenderun's Mystic Bla  Conj/Tloc      0%         2d3       99%         4
 Sticky Flame             Conj/Fire      0%         2d3       99%         4


Dungeon Overview and Level Annotations

Branches:
Dungeon (2/15)

Altars:


Innate Abilities, Weirdness & Mutations

You have a pair of horns on your head.
You reflexively headbutt those who attack you in melee.


Message History

You kill the goblin!
You hear a splash.
You hit the plant but do no damage.
A ball python comes into view.
The ball python hisses angrily.
A nearby plant withers and dies.
The gnoll hits you but does no damage.
You see here a +0 dagger.
You barely miss the gnoll. You hit the plant.
The plant begins to die.
You hit the plant.
The plant begins to die.
An adder comes into view.
The gnoll hits you with a +0 whip.
You barely miss the gnoll.
The adder hisses angrily.
You hit the ball python.
You hit the plant. x2; The endoplasm hits the plant.
The plant begins to die.
The gnoll hits you with a +0 whip! The ball python closely misses you. x2
You hit the ball python.
You kill the ball python!
You hit the plant but do no damage. You hit the gnoll. You hit the plant.
A nearby plant withers and dies.
The adder closely misses you. You furiously retaliate!
You headbutt the adder! The gnoll hits you with a +0 whip.
Your Axes skill increases to level 4!
A nearby plant withers and dies.
The adder bites you.
You are poisoned.
The adder poisons you!
Your unstable footing causes you to fumble your attack.
You feel sick. The adder barely misses you. The ball python bites you.
* * * LOW HITPOINT WARNING * * *
The ball python misses you. The endoplasm freezes you.
You are frozen.
* * * LOW HITPOINT WARNING * * *
The adder barely misses you.
* * * LOW HITPOINT WARNING * * *
You feel sick.
A nearby plant withers and dies.
The ball python bites you.
* * * LOW HITPOINT WARNING * * *
The ball python grabs you. The ball python constricts you.
The adder barely misses you. The adder bites you.
You die... #################### ....≈≈≈<.......P.P.. #.##P≈P≈######≈≈≈≈≈. #.##.≈≈.#### ..≈PPP. #....♣S≈...# .P≈PPP.

#..#≈JS@.#.##P≈♣P.#
#...g)S≈P#.#≈P≈≈.P#
#....≈≈≈P≈P.≈≈≈PP#
#.w#≈≈♣♣PPP≈≈≈♣≈≈#
#..#.≈≈≈≈PPPP♣P.##
......P≈≈≈♣P♣♣≈PP...
..
..#.P≈≈≈≈♣≈≈≈.##.# .
....$PP♣≈ ♣≈P≈# # #
#.#≈≈≈≈ P##


You could see a worm, a gnoll, 2 adders, an endoplasm and a ball python.

Vanquished Creatures
  A dart slug (D:1)
  An endoplasm (D:1)
  2 giant cockroaches (D:1)
  4 goblins
  2 hobgoblins (D:1)
  A kobold (D:1)
  2 quokkas (D:1)
  4 ball pythons
  3 frilled lizards (D:1)
  2 rats (D:1)
22 creatures vanquished.

Vanquished Creatures (others)
  10 plants (D:2)
10 creatures vanquished.

Grand Total: 32 creatures vanquished

Notes
Turn   | Place    | Note
-------+----------+-------------------------------------------
     0 | D:1      | HallandMoats the Minotaur Monk began the quest for the Orb.
     0 | D:1      | Reached XP level 1. HP: 19/19 MP: 0/0
   614 | D:1      | Reached XP level 2. HP: 27/27 MP: 1/1
   851 | D:1      | Reached skill level 1 in Armour
   964 | D:1      | Reached skill level 1 in Shields
  1184 | D:1      | Got the Almanac of Spatial Combat Magic
  1407 | D:2      | Reached skill level 4 in Axes
  1409 | D:2      | HP: 1/27 [ball python (2)]
  1409 | D:2      | Slain by an adder

Illustrated notes

Levels and vault maps discovered:
D:1:      wander_arrival_chamber, layout_loops_ring, minivault_19,
          minmay_misc_feat_five, hangedman_decor_riveting
D:2:      layout_basic, serial_bayou, serial_bayou_lagoon_a,
          serial_bayou_crossing, serial_bayou_pond_b, serial_bayou_lagoon_b,
          shapermc_ecumenical_altar_rom_forum, basic_altar,
          hangedman_decor_clover_reticule

Skill      XL: |  1  2 |
---------------+-------+-----
Armour         | 1 |  1.1
Shields        | 1 |  1.1
Axes           | 4 |  4.0
Fighting       | |  3.9
Dodging        | |  3.5
Stealth        | |  1.5

Action                   || total
-------------------------++-------
Melee: Hand axe          ||    77
       Headbutt          ||     7
 Stab: Sleeping          ||     1
Armor: Robe              ||    17
Dodge: Dodged            ||    48
